TOP OF THE 1ST |
Asheville Tourists batting - Pitching for Toronto (WIN) Blue Jays : RHP Takehide Tanaka
|
Pitching: RHP Takehide Tanaka
|
|
Batting: RHB Juan Figueroa
|
0-0: SINGLE (Line Drive, 6M, EV 94.4 MPH)
|
Batting: SHB Jamie Mims
|
0-0: Ball 1-0: Grounds into double play, 5-4-3 (Groundball, 5, EV 88.8 MPH)
|
Batting: RHB Doug D'Onofrio
|
0-0: Foul Ball, location: 2F 0-1: Foul Ball, location: 2F 0-2: Foul Ball, location: 2F 0-2: Foul Ball, location: 2F 0-2: Foul Ball, location: 2F 0-2: Ball 1-2: SINGLE (Line Drive, 89S, EV 106.9 MPH)
|
Batting: RHB Ray Insley
|
0-0: Called Strike 0-1: Ball 1-1: SINGLE (Groundball, 4MD, EV 100.6 MPH) Doug D'Onofrio to second Runner from 2nd tries for 3rd, SAFE, no throw by CF
|
Batting: LHB Harry Folsom
|
0-0: Ball 1-0: Ball 2-0: Called Strike 2-1: Foul Ball, location: 2F 2-2: Ground out U3 (Groundball, 3, EV 111.9 MPH)
|
Top of the 1st over - 0 runs, 3 hits, 0 errors, 2 left on base; Asheville 0 - Toronto (WIN) 0 |
BOTTOM OF THE 1ST |
Toronto (WIN) Blue Jays batting - Pitching for Asheville Tourists : RHP Andrew Ferrell
|
Pitching: RHP Andrew Ferrell
|
|
Batting: RHB Finn Ross
|
0-0: Ball 1-0: Ball 2-0: Called Strike 2-1: Swinging Strike 2-2: Strikes out swinging
|
Batting: RHB Darren McCarty Jr.
|
0-0: SINGLE (Line Drive, 4MD, EV 108.8 MPH)
|
Batting: SHB Jack Andrews
|
0-0: Foul Ball, location: 2F 0-1: Ball 1-1: Ball 2-1: Ball 3-1: Called Strike 3-2: 2-RUN HOME RUN (Flyball, 9D, EV 96.9 MPH), Distance : 365 ft
|
Batting: RHB Scott Travis
|
0-0: Ball 1-0: Ball 2-0: Ball 3-0: Called Strike 3-1: Foul Ball, location: 2F 3-2: Base on Balls
|
Batting: RHB Jordan Fairburn
|
0-0: 2-RUN HOME RUN (Line Drive, 9D, EV 98.8 MPH), Distance : 376 ft
|
Batting: RHB Chris Martin
|
0-0: Ball 1-0: SINGLE (Line Drive, 7S, EV 92.5 MPH)
|
Batting: RHB Frank Caulfield
|
0-0: Ball Chris Martin steals 2nd, throwing error, E2 Chris Martin to third 1-0: Ground out 6-3 (Groundball, 6, EV 100.6 MPH) Chris Martin scores
|
Batting: RHB Justin Powell
|
0-0: Ground out 4-3 (Groundball, 13, EV 90.6 MPH)
|
Bottom of the 1st over - 5 runs, 4 hits, 1 error, 0 left on base; Asheville 0 - Toronto (WIN) 5 |
TOP OF THE 2ND |
Asheville Tourists batting - Pitching for Toronto (WIN) Blue Jays : RHP Takehide Tanaka
|
Batting: RHB John Stevenson
|
0-0: Ball 1-0: Foul Ball, location: 2F 1-1: Ground out 6-3 (Groundball, 6, EV 88.1 MPH)
|
Batting: RHB Zakhar Edelman
|
0-0: Called Strike 0-1: Ball 1-1: Foul Ball, location: 2F 1-2: Strikes out looking
|
Batting: RHB Matviy Oliynyk
|
0-0: Ball 1-0: Foul Ball, location: 2F 1-1: Called Strike 1-2: SINGLE (Line Drive, 9LS, EV 95.6 MPH)
|
Batting: RHB Kevin McKasson
|
0-0: Called Strike 0-1: TRIPLE (Flyball, 9LD, EV 93.8 MPH) Matviy Oliynyk scores
|
Batting: RHB Juan Figueroa
|
0-0: Swinging Strike 0-1: Ball 1-1: SINGLE (Groundball, 56D, EV 102.5 MPH) Kevin McKasson scores
|
Batting: SHB Jamie Mims
|
0-0: Called Strike 0-1: Foul Ball, location: 2F 0-2: Ball 1-2: Ball Juan Figueroa is caught stealing 2nd base 2-6
|
Top of the 2nd over - 2 runs, 3 hits, 0 errors, 0 left on base; Asheville 2 - Toronto (WIN) 5 |
BOTTOM OF THE 2ND |
Toronto (WIN) Blue Jays batting - Pitching for Asheville Tourists : RHP Andrew Ferrell
|
Batting: RHB Bryan Peterson
|
0-0: Ground out 6-3 (Groundball, 6, EV 79.4 MPH)
|
Batting: RHB Finn Ross
|
0-0: Fly out, F9 (Flyball, 9, EV 91.9 MPH)
|
Batting: RHB Darren McCarty Jr.
|
0-0: Called Strike 0-1: Called Strike 0-2: Fly out, F8 (Flyball, 8RD, EV 107.5 MPH)
|
Bottom of the 2nd over - 0 runs, 0 hits, 0 errors, 0 left on base; Asheville 2 - Toronto (WIN) 5 |
TOP OF THE 3RD |
Asheville Tourists batting - Pitching for Toronto (WIN) Blue Jays : RHP Takehide Tanaka
|
Batting: SHB Jamie Mims
|
0-0: DOUBLE (Line Drive, 7LM, EV 113.1 MPH)
|
Batting: RHB Doug D'Onofrio
|
0-0: Swinging Strike 0-1: Called Strike 0-2: Foul Ball, location: 2F 0-2: Ground out 5-3 (Groundball, 56, EV 83.8 MPH)
|
Batting: RHB Ray Insley
|
0-0: Ground out 6-3 (Groundball, 6, EV 86.2 MPH)
|
Batting: LHB Harry Folsom
|
0-0: Called Strike 0-1: Fly out, F9 (Flyball, 89S, EV 84.4 MPH)
|
Top of the 3rd over - 0 runs, 1 hit, 0 errors, 1 left on base; Asheville 2 - Toronto (WIN) 5 |
BOTTOM OF THE 3RD |
Toronto (WIN) Blue Jays batting - Pitching for Asheville Tourists : RHP Andrew Ferrell
|
Batting: SHB Jack Andrews
|
0-0: Ball 1-0: Called Strike 1-1: Ball 2-1: SOLO HOME RUN (Flyball, 9D, EV 95.0 MPH), Distance : 371 ft
|
Batting: RHB Scott Travis
|
0-0: Called Strike 0-1: Fly out, F8 (Flyball, 8LD, EV 103.1 MPH)
|
Batting: RHB Jordan Fairburn
|
0-0: Ball 1-0: Ball 2-0: Ball 3-0: Base on Balls
|
Pitching: RHP Josh Blaschke
|
|
Batting: RHB Chris Martin
|
0-0: Ball 1-0: Ball 2-0: Called Strike 2-1: Ball 3-1: Foul Ball, location: 2F 3-2: DOUBLE (Groundball, 5L, EV 104.4 MPH) Jordan Fairburn to third
|
Batting: RHB Frank Caulfield
|
0-0: Ball 1-0: Called Strike 1-1: Hit by Pitch
|
Batting: RHB Justin Powell
|
0-0: SINGLE (Groundball, 56D, EV 103.8 MPH) Jordan Fairburn scores Chris Martin to third Frank Caulfield to second
|
Batting: RHB Bryan Peterson
|
0-0: Ball 1-0: Ball 2-0: Foul Ball, location: 2F 2-1: Grounds into fielders choice 1-2 (Groundball, 15S, EV 73.1 MPH) Frank Caulfield to third Justin Powell to second
|
Batting: RHB Finn Ross
|
0-0: Called Strike 0-1: Ball 1-1: Fly out, F9 (Flyball, 9S, EV 83.8 MPH)
|
Bottom of the 3rd over - 2 runs, 3 hits, 0 errors, 3 left on base; Asheville 2 - Toronto (WIN) 7 |
TOP OF THE 4TH |
Asheville Tourists batting - Pitching for Toronto (WIN) Blue Jays : RHP Takehide Tanaka
|
Batting: RHB John Stevenson
|
0-0: Called Strike 0-1: Called Strike 0-2: Ball 1-2: Foul Ball, location: 2F 1-2: Ball 2-2: Fly out, F8 (Flyball, 8LD, EV 94.4 MPH)
|
Batting: RHB Zakhar Edelman
|
0-0: Called Strike 0-1: Ball 1-1: Ball 2-1: Swinging Strike 2-2: Strikes out looking
|
Batting: RHB Matviy Oliynyk
|
0-0: Foul Ball, location: 2F 0-1: Called Strike 0-2: Strikes out swinging
|
Top of the 4th over - 0 runs, 0 hits, 0 errors, 0 left on base; Asheville 2 - Toronto (WIN) 7 |
BOTTOM OF THE 4TH |
Toronto (WIN) Blue Jays batting - Pitching for Asheville Tourists : RHP Josh Blaschke
|
Batting: RHB Darren McCarty Jr.
|
0-0: Called Strike 0-1: Ball 1-1: Ball 2-1: Hit by Pitch
|
Batting: SHB Jack Andrews
|
0-0: Ball 1-0: Ball 2-0: Called Strike 2-1: Ball 3-1: Base on Balls Darren McCarty Jr. to second
|
Batting: RHB Scott Travis
|
0-0: Called Strike 0-1: Foul Ball, location: 2F 0-2: Ball 1-2: Ball 2-2: Ball 3-2: Foul Ball, location: 2F 3-2: Strikes out looking
|
Batting: RHB Jordan Fairburn
|
0-0: Ball 1-0: Called Strike 1-1: DOUBLE (Line Drive, 9LS, EV 95.6 MPH) Darren McCarty Jr. scores Jack Andrews to third
|
Batting: RHB Chris Martin
|
0-0: Called Strike 0-1: Foul Ball, location: 2F 0-2: Foul Ball, location: 2F 0-2: Foul Ball, location: 2F 0-2: Ball 1-2: Ball 2-2: Strikes out looking
|
Batting: RHB Frank Caulfield
|
0-0: Called Strike 0-1: Foul Ball, location: 2F 0-2: Foul Ball, location: 2F 0-2: Ground out 6-3 (Groundball, 6, EV 90.0 MPH)
|
Bottom of the 4th over - 1 run, 1 hit, 0 errors, 2 left on base; Asheville 2 - Toronto (WIN) 8 |
TOP OF THE 5TH |
Asheville Tourists batting - Pitching for Toronto (WIN) Blue Jays : RHP Takehide Tanaka
|
Batting: RHB Kevin McKasson
|
0-0: Called Strike 0-1: Swinging Strike 0-2: Strikes out looking
|
Batting: RHB Juan Figueroa
|
0-0: Ball 1-0: Ball 2-0: Ball 3-0: Base on Balls
|
Batting: SHB Jamie Mims
|
0-0: Swinging Strike 0-1: Called Strike 0-2: Ball 1-2: Strikes out swinging
|
Batting: RHB Doug D'Onofrio
|
0-0: Called Strike 0-1: Called Strike Juan Figueroa steals 2nd base 0-2: SINGLE (Groundball, 56, EV 85.0 MPH) (infield hit) Juan Figueroa to third
|
Batting: RHB Ray Insley
|
0-0: Called Strike 0-1: Called Strike 0-2: Strikes out swinging
|
Top of the 5th over - 0 runs, 1 hit, 0 errors, 2 left on base; Asheville 2 - Toronto (WIN) 8 |
BOTTOM OF THE 5TH |
Toronto (WIN) Blue Jays batting - Pitching for Asheville Tourists : RHP Josh Blaschke
|
Batting: RHB Justin Powell
|
0-0: Ball 1-0: Foul Ball, location: 2F 1-1: Ball 2-1: Foul Ball, location: 2F 2-2: Ball 3-2: Base on Balls
|
Pitching: RHP Dane Long
|
|
Batting: RHB Bryan Peterson
|
0-0: Ball 1-0: Ball 2-0: SINGLE (Groundball, 34D, EV 100.0 MPH) Justin Powell to second Runner from 2nd tries for 3rd, SAFE, throw by RF made at trailing runner, OUT! 9-6
|
Batting: RHB Finn Ross
|
0-0: Ball 1-0: Swinging Strike 1-1: Swinging Strike 1-2: Foul Ball, location: 2F 1-2: Foul Ball, location: 2F 1-2: Ball 2-2: Ball 3-2: Foul Ball, location: 2F 3-2: SINGLE (Groundball, 4D, EV 98.1 MPH) Justin Powell scores
|
Batting: RHB Darren McCarty Jr.
|
0-0: Called Strike Finn Ross steals 2nd base (no throw) 0-1: Ball 1-1: Foul Ball, location: 2F 1-2: Ball 2-2: Ball 3-2: Strikes out swinging
|
Batting: SHB Jack Andrews
|
0-0: Foul Ball, location: 2F 0-1: Ball 1-1: Fly out, F9 (Flyball, 89S, EV 82.5 MPH)
|
Bottom of the 5th over - 1 run, 2 hits, 0 errors, 1 left on base; Asheville 2 - Toronto (WIN) 9 |
TOP OF THE 6TH |
Asheville Tourists batting - Pitching for Toronto (WIN) Blue Jays : RHP Takehide Tanaka
|
Batting: LHB Harry Folsom
|
0-0: Ball 1-0: Foul Ball, location: 2F 1-1: Swinging Strike 1-2: Fly out, F5 (Popup, 5L, EV 76.9 MPH)
|
Batting: RHB John Stevenson
|
0-0: Called Strike 0-1: Foul Ball, location: 2F 0-2: Ball 1-2: Ball 2-2: Ground out 6-3 (Groundball, 6M, EV 82.5 MPH)
|
Batting: RHB Zakhar Edelman
|
0-0: Ball 1-0: Called Strike 1-1: Foul Ball, location: 2F 1-2: Strikes out swinging
|
Top of the 6th over - 0 runs, 0 hits, 0 errors, 0 left on base; Asheville 2 - Toronto (WIN) 9 |
BOTTOM OF THE 6TH |
Toronto (WIN) Blue Jays batting - Pitching for Asheville Tourists : RHP Dane Long
|
Batting: RHB Scott Travis
|
0-0: Called Strike 0-1: Ball 1-1: Ball 2-1: Ball 3-1: Base on Balls
|
Pitching: RHP Michael Conrad
|
|
Batting: RHB Jordan Fairburn
|
0-0: Called Strike Scott Travis steals 2nd base 0-1: Ball 1-1: Ground out 6-3 (Groundball, 56D, EV 102.5 MPH)
|
Batting: RHB Chris Martin
|
0-0: SINGLE (Line Drive, 89S, EV 91.9 MPH) Scott Travis to third Runner from 3rd tries for Home, throw by RF and OUT! 9-2 Chris Martin to second
|
Batting: RHB Frank Caulfield
|
0-0: Ball 1-0: Ball 2-0: Foul Ball, location: 2F 2-1: Ground out 4-3 (Groundball, 34D, EV 100.6 MPH)
|
Bottom of the 6th over - 0 runs, 1 hit, 0 errors, 1 left on base; Asheville 2 - Toronto (WIN) 9 |
TOP OF THE 7TH |
Asheville Tourists batting - Pitching for Toronto (WIN) Blue Jays : RHP Takehide Tanaka
|
Batting: RHB Matviy Oliynyk
|
0-0: Ball 1-0: Foul Ball, location: 2F 1-1: Ball 2-1: Called Strike 2-2: Foul Ball, location: 2F 2-2: Foul Ball, location: 2F 2-2: Strikes out swinging
|
Pitching: RHP Gabe Nalley
|
|
Batting: RHB Kevin McKasson
|
0-0: Called Strike 0-1: Called Strike 0-2: Strikes out looking
|
Batting: RHB Juan Figueroa
|
0-0: Foul Ball, location: 2F 0-1: Called Strike 0-2: Ball 1-2: Foul Ball, location: 2F 1-2: SOLO HOME RUN (Flyball, 78XD, EV 111.9 MPH), Distance : 430 ft
|
Batting: SHB Jamie Mims
|
0-0: Swinging Strike 0-1: Ball 1-1: Ball 2-1: Foul Ball, location: 2F 2-2: Strikes out swinging
|
Top of the 7th over - 1 run, 1 hit, 0 errors, 0 left on base; Asheville 3 - Toronto (WIN) 9 |
BOTTOM OF THE 7TH |
Toronto (WIN) Blue Jays batting - Pitching for Asheville Tourists : RHP Michael Conrad
|
Batting: RHB Justin Powell
|
0-0: Ball 1-0: Called Strike 1-1: Foul Ball, location: 2F 1-2: Ball 2-2: Ball 3-2: Strikes out swinging
|
Batting: RHB Bryan Peterson
|
0-0: Ball 1-0: Foul Ball, location: 2F 1-1: Ball 2-1: SINGLE (Groundball, 4M, EV 96.2 MPH) (infield hit)
|
Batting: RHB Finn Ross
|
0-0: Ball 1-0: Ball 2-0: Foul Ball, location: 2F 2-1: Called Strike 2-2: Ball 3-2: Base on Balls Bryan Peterson to second
|
Pitching: RHP Jim Butler
|
|
Batting: RHB Darren McCarty Jr.
|
0-0: Fly out, F8 (Flyball, 8LD, EV 95.6 MPH)
|
Batting: SHB Jack Andrews
|
0-0: Called Strike 0-1: Ball 1-1: Ball 2-1: Swinging Strike 2-2: Strikes out swinging
|
Bottom of the 7th over - 0 runs, 1 hit, 0 errors, 2 left on base; Asheville 3 - Toronto (WIN) 9 |
TOP OF THE 8TH |
Asheville Tourists batting - Pitching for Toronto (WIN) Blue Jays : RHP Gabe Nalley
|
Batting: RHB Doug D'Onofrio
|
0-0: Ball 1-0: Called Strike 1-1: Swinging Strike 1-2: Fly out, F8 (Flyball, 8RM, EV 83.8 MPH)
|
Batting: RHB Ray Insley
|
0-0: Called Strike 0-1: Swinging Strike 0-2: Strikes out looking
|
Batting: LHB Harry Folsom
|
0-0: Ball 1-0: Called Strike 1-1: Ball 2-1: Foul Ball, location: 2F 2-2: Ball 3-2: Foul Ball, location: 2F 3-2: Base on Balls
|
Batting: RHB John Stevenson
|
0-0: Ground out 1-3 (Groundball, 13S, EV 68.8 MPH)
|
Top of the 8th over - 0 runs, 0 hits, 0 errors, 1 left on base; Asheville 3 - Toronto (WIN) 9 |
BOTTOM OF THE 8TH |
Toronto (WIN) Blue Jays batting - Pitching for Asheville Tourists : RHP Jim Butler
|
Batting: RHB Scott Travis
|
0-0: Ball 1-0: Ball 2-0: Foul Ball, location: 2F 2-1: Ball 3-1: Base on Balls
|
Batting: RHB Jordan Fairburn
|
0-0: Ball 1-0: Foul Ball, location: 2F 1-1: Foul Ball, location: 2F 1-2: Strikes out swinging
|
Batting: RHB Chris Martin
|
0-0: Called Strike 0-1: Foul Ball, location: 2F 0-2: Ball 1-2: Fly out, F9 (Line Drive, 9LM, EV 93.1 MPH)
|
Batting: RHB Frank Caulfield
|
0-0: Ball 1-0: Fly out, F8 (Flyball, 8RD, EV 89.4 MPH)
|
Bottom of the 8th over - 0 runs, 0 hits, 0 errors, 1 left on base; Asheville 3 - Toronto (WIN) 9 |
TOP OF THE 9TH |
Asheville Tourists batting - Pitching for Toronto (WIN) Blue Jays : RHP Gabe Nalley
|
Batting: RHB Zakhar Edelman
|
0-0: Ball 1-0: Swinging Strike 1-1: Ball 2-1: SINGLE (Line Drive, 89S, EV 102.5 MPH)
|
Batting: RHB Matviy Oliynyk
|
0-0: Ball 1-0: Ball 2-0: Swinging Strike 2-1: Swinging Strike 2-2: Foul Ball, location: 2F 2-2: Strikes out swinging
|
Batting: RHB Kevin McKasson
|
0-0: Called Strike 0-1: Swinging Strike 0-2: Fly out, F9 (Flyball, 9, EV 92.5 MPH)
|
Batting: RHB Juan Figueroa
|
0-0: Called Strike 0-1: Foul Ball, location: 2F 0-2: Strikes out swinging
|
Top of the 9th over - 0 runs, 1 hit, 0 errors, 1 left on base; Asheville 3 - Toronto (WIN) 9 |
|